 Dungeon Sprint DCSS version 0.17-a0-1655-g88a8506 (webtiles) character file.

97676 Kidiri the Imperceptible (level 14, -14/59 HPs)
             Began as a Spriggan Enchanter on Aug 15, 2015.
             Was the Champion of Dithmenos.
             Killed by a guardian mummy's death curse (33 damage)
             ... in the Dungeon (Sprint III: "The Ten Rune Challenge").
             The game lasted 00:39:26 (8196 turns).

Kidiri the Imperceptible (Spriggan Enchanter)       Turns: 8196, Time: 00:39:29

Health: -14/59     AC: 11    Str: 10    XL:     14   Next: 91%
Magic:  32/39      EV: 42    Int: 19    God:    Dithmenos [******]
Gold:   2280       SH:  0    Dex: 22    Spells: 11 memorised, 1 level left

rFire  . . .     SeeInvis +     w - +4 rapier (holy)
rCold  + . .     Clarity  +     z - +1 robe of the Pure Beggars {MR+ rCorr Slay+2}
rNeg   + . .     SustAt   .     (shield restricted)
rPois  +         Gourm    .     v - +0 hat
rElec  .         Spirit   .     a - +1 cloak of Wuses {rPois rF- Dex+3 SInv}
rCorr  +         Warding  .     (gloves unavailable)
rMut   .         NoTele   +     (boots unavailable)
MR     +++..                    C - amulet of Asucouha {Clar rN+}
Stlth  ++++++++++               b - ring "Xeddim" {rF+ Str+6}
                                i - ring of ice

@: slowed, wreathed by umbra, quick, extremely resistant to hostile
enchantments, uncannily stealthy
A: unfitting armour, repulsion field 1, iridescent scales 1, yellow scales 1,
see invisible, fire resistance 1, herbivore 3, speed 3, poison resistance, slow
metabolism 2, evolution 1
a: Shadow Step, Shadow Form, Renounce Religion
}: 2/10 runes: serpentine, barnacled


You were in the Dungeon.
You worshipped Dithmenos.
Dithmenos was exalted by your worship.
You were very full.

You visited 1 branch You collected 4219 gold pieces.
You spent 1939 gold pieces at shops.

Inventory:

Hand weapons
 w - a +4 rapier of holy wrath (weapon)
Missiles
 t - 11 throwing nets (quivered)
Armour
 a - the +1 cloak of Wuses (worn) {rPois rF- Dex+3 SInv}
   (You bought it in a shop in the Dungeon)

   It affects your dexterity (+3).
   It makes you vulnerable to fire.
   It protects you from poison.
   It lets you see invisible.
 v - a +0 hat (worn)
 y - the +2 robe "Zaocsimu" {Dex+2}
   (You bought it in a shop in the Dungeon)

   It affects your dexterity (+2).
 z - the +1 robe of the Pure Beggars (worn) {MR+ rCorr Slay+2}
   (You bought it in a shop in the Dungeon)

   It affects your accuracy and damage with ranged weapons and melee attacks
   (+2).
   It affects your resistance to hostile enchantments.
   It protects you from acid and corrosion.
Jewellery
 b - the ring "Xeddim" (right hand) {rF+ Str+6}
   (You found it in the Dungeon)

   [ring of strength]

   It affects your strength (+6).
   It protects you from fire.
 i - a ring of ice (left hand)
 C - the amulet of Asucouha (around neck) {Clar rN+}
   (You found it in the Dungeon)

   [amulet of clarity]

   It provides mental clarity.
   It protects you from negative energy.
Scrolls
 f - a scroll of fear {unknown}
 j - a scroll of blinking
 l - a scroll of holy word {unknown}
 n - 3 scrolls of remove curse
 q - a scroll of torment {unknown}
 B - a scroll of amnesia {unknown}
Potions
 d - a potion of resistance
 e - 2 potions of curing
 g - a potion of haste
 h - a potion of magic
 k - 2 potions of might
 m - a potion of berserk rage
 o - 2 potions of cure mutation
 p - 3 potions of flight
 s - a potion of brilliance
 u - a potion of cancellation
 x - a potion of invisibility
Books
 A - a book of Clouds

   Spells                             Type                      Level
   a - Mephitic Cloud                 Conjuration/Poison/Air       3
   b - Conjure Flame                  Conjuration/Fire             3
   c - Poisonous Cloud                Conjuration/Poison/Air       6
   d - Freezing Cloud                 Conjuration/Ice/Air          6
   e - Ring of Flames                 Charms/Fire                  7
Comestibles
 c - 26 royal jellies
 r - 3 fruits


   Skills:
 + Level 13.7 Short Blades
 * Level 23.0 Dodging
 * Level 24.7 Stealth
 * Level 20.1 Spellcasting
 + Level 9.8 Conjurations
 + Level 15.0 Hexes
 + Level 10.7 Ice Magic
 + Level 10.7 Air Magic
 + Level 9.1 Earth Magic
 + Level 11.9 Poison Magic
 - Level 3.1 Invocations


You had one spell level left.
You knew the following spells:

 Your Spells              Type           Power        Failure   Level  Hunger
a - Corona                Hex            ######.      0%          1    None
b - Ensorcelled Hibernat  Hex/Ice        ######       1%          2    None
c - Confuse               Hex            ######..     0%          3    None
d - Tukima's Dance        Hex            ######..     0%          3    None
e - Dazzling Spray        Conj/Hex       ######..     1%          3    None
f - Poison Arrow          Conj/Pois      ######....   6%          6    ####...
g - Chain Lightning       Conj/Air       ######....   100%        8    #######
h - Lehudib's Crystal Sp  Conj/Erth      ######....   100%        8    #######
i - Glaciate              Conj/Ice       ######....   100%        9    #######
j - Mephitic Cloud        Conj/Pois/Air  ######..     1%          3    None
k - Poisonous Cloud       Conj/Pois/Air  ######....   6%          6    ####...


Dungeon Overview and Level Annotations

Branches:
Dungeon (1/1)

Altars:
Cheibriados
Dithmenos
Elyvilon
Fedhas
Gozag
Kikubaaqudgha
Makhleb
Nemelex Xobeh
Okawaru
Qazlal
Ru
Sif Muna
Trog
Vehumet
Xom
Yredelemnul
Zin
The Shining One
Jiyva
Lugonu

Shops:
D :(?=(%[![%[=?}:!(([


Innate Abilities, Weirdness & Mutations

You are tiny and cannot use many weapons and most armour.
You have supernaturally acute eyesight.
You are a herbivore.
You cover ground extremely quickly.
You need consume almost no food.
You are surrounded by a mild repulsion field (EV +2).
You are partially covered in iridescent scales (AC +4).
You are partially covered in yellow scales (AC +2).
Your flesh is heat resistant.
Your system is resistant to poisons.
You evolve.


Message History

You hit the guardian mummy.
The guardian mummy convulses.
The guardian mummy is almost destroyed.
Your shadow hits the guardian mummy with a rapier.
The guardian mummy hits you!!
You emit a cloud of dark smoke.
You barely miss the guardian mummy.
The guardian mummy is almost destroyed.
Your shadow barely misses the guardian mummy.
The guardian mummy closely misses you.
You barely miss the guardian mummy.
The guardian mummy is almost destroyed.
You hit the guardian mummy.
The guardian mummy convulses.
The guardian mummy is almost destroyed.
The guardian mummy completely misses you.
You hit the guardian mummy.
You destroy the guardian mummy!
Dithmenos accepts your kill.
You feel extremely nervous for a moment...
You convulse helplessly as pain tears through your body!
Ouch! That really hurt!
You die...

################..#
#.................#
▓'▓▓▓▓▓▓▓▓▓▓▓▓▓▓▓▓▓
▓..#^.............#
▓..#..............#
▓..#.^##########..#
▓..#..# #§§#
▓..#..# #§§#
▓^.#^.# #@§#
▓÷.#..# #§§#
▓..#..# #§.#
▓..#.^# ..M..^...#
▓.^'..# .M....^..#
▓###### ##########


There were no monsters in sight!

Vanquished Creatures
  Norris (D)
  Sigmund (D)
  A lich (D)
  Rupert (D)
  2 sphinxes (D)
  Polyphemus (D)
  Gastronok (D)
  Chuck (D)
  2 shadow dragons (D)
  A greater naga (D)
  Ilsuiw (D)
  Maud (D)
  2 dire elephants (D)
  A merfolk javelineer (D)
  4 mummy priests (D)
  A fire dragon (D)
  A yaktaur captain (D)
  Erolcha (D)
  A naga warrior (D)
  An anaconda (D)
  2 hydras (D)
  A centaur warrior (D)
  4 death yaks (D)
  An ogre mage (D)
  4 dancing weapons (D)
  3 deep elf knights (D)
  4 skeletal warriors (D)
  A sea snake (D)
  A death drake (D)
  A lindwurm (shapeshifter) (D)
  A deep elf summoner (D)
  A spriggan druid (D)
  An obsidian statue (D)
  4 ugly things (D)
  A lindwurm (D)
  A deep elf conjurer (D)
  An orc knight (D)
  4 black mambas (D)
  2 elephants (D)
  A guardian serpent (D)
  A komodo dragon (D)
  Edmund (D)
  An orange crystal statue (D)
  2 spiny frogs (D)
  A torpor snail (shapeshifter) (D)
  A deep elf priest (D)
  A fire drake (D)
  6 guardian mummies (D)
  3 wandering mushrooms (D)
  A queen bee (D)
  4 spriggan defenders (D)
  3 orc high priests (D)
  7 slime creatures (D)
  8 blink frogs (D)
  A shadow (D)
  2 trapdoor spiders (D)
  4 redbacks (D)
  2 spriggans (D)
  2 nagas (D)
  2 hill giants (D)
  A spatial vortex (D)
  5 water moccasins (D)
  3 orc warriors (D)
  A swamp drake (D)
  A necrophage (D)
  3 two-headed ogres (D)
  2 brain worms (D)
  A scorpion (D)
  A water elemental (D)
  32 killer bees (D)
  An electric eel (D)
  A wizard (D)
  A jelly (D)
  3 orc priests (D)
  3 orc wizards (D)
  A necromancer (D)
  A kobold demonologist (D)
  3 sheep (D)
  3 humans (D)
  6 adders (D)
  2 oozes (D)
  9 orcs (D)
  2 rats (D)
  A ballistomycete (D)
  2 plants (D)
207 creatures vanquished.

Vanquished Creatures (others)
  2 draconian scorchers (D)
  3 yaktaurs (D)
  A bush (D)
  A giant spore (D)
7 creatures vanquished.

Grand Total: 214 creatures vanquished

Notes
Turn   | Place    | Note
--------------------------------------------------------------
     0 | D        | Kidiri the Spriggan Enchanter began the quest for the Orb.
     0 | D        | Reached XP level 1. HP: 9/9 MP: 5/5
     9 | D        | Reached skill level 5 in Stealth
    18 | D        | Reached XP level 2. HP: 13/13 MP: 5/7
    22 | D        | Learned a level 2 spell: Ensorcelled Hibernation
   138 | D        | Killed a yaktaur
   159 | D        | Noticed a scorpion
   162 | D        | Killed a scorpion
   162 | D        | Reached skill level 5 in Dodging
   162 | D        | Reached skill level 7 in Stealth
   162 | D        | Reached skill level 5 in Spellcasting
   162 | D        | Reached skill level 1 in Ice Magic
   162 | D        | Reached XP level 3. HP: 16/16 MP: 7/10
   175 | D        | Reached XP level 4. HP: 7/21 MP: 2/12
   180 | D        | Learned a level 3 spell: Confuse
   184 | D        | Learned a level 3 spell: Tukima's Dance
   188 | D        | Learned a level 3 spell: Dazzling Spray
   210 | D        | Gained mutation: You are surrounded by a mild repulsion field (EV +2). [potion of mutation]
   210 | D        | Gained mutation: You are partially covered in yellow scales (AC +2). [potion of mutation]
   210 | D        | Gained mutation: Your flesh is heat resistant. [potion of mutation]
   211 | D        | Gained mutation: You evolve. [potion of mutation]
   212 | D        | Killed a white draconian scorcher
   235 | D        | Killed a yaktaur
   249 | D        | Killed a white draconian scorcher
   465 | D        | Noticed a water elemental
   493 | D        | Killed a water elemental
   493 | D        | Reached skill level 8 in Stealth
   493 | D        | Reached skill level 5 in Hexes
   572 | D        | Noticed a jelly
   573 | D        | Noticed a shadow
   575 | D        | Killed a shadow
   575 | D        | Reached skill level 10 in Stealth
   575 | D        | Reached XP level 5. HP: 24/24 MP: 14/16
   575 | D        | Reached XP level 6. HP: 28/28 MP: 14/17
   579 | D        | Killed a jelly
   584 | D        | Found a stormy altar of Qazlal.
   585 | D        | Found a sacrificial altar of Ru.
   585 | D        | Found a burning altar of Makhleb.
   585 | D        | Found a viscous altar of Jiyva.
   585 | D        | Found a shimmering altar of Xom.
   585 | D        | Found a shadowy altar of Dithmenos.
   585 | D        | Found a sparkling altar of Nemelex Xobeh.
   585 | D        | Found a corrupted altar of Lugonu.
   585 | D        | Found an opulent altar of Gozag.
   585 | D        | Noticed a spatial vortex
   592 | D        | Became a worshipper of Dithmenos the Shadowed
   612 | D        | Killed a spatial vortex
   612 | D        | Reached skill level 5 in Short Blades
   612 | D        | Reached skill level 11 in Stealth
   612 | D        | Reached skill level 1 in Invocations
   730 | D        | Found a radiant altar of Vehumet.
   731 | D        | Found a deep blue altar of Sif Muna.
   731 | D        | Found an ancient bone altar of Kikubaaqudgha.
   731 | D        | Noticed a wizard
   732 | D        | Killed a wizard
   734 | D        | Reached skill level 10 in Dodging
   745 | D        | Learned a level 6 spell: Poison Arrow
   834 | D        | Found a glowing silver altar of Zin.
   835 | D        | Found a glowing golden altar of the Shining One.
   835 | D        | Found a white marble altar of Elyvilon.
   835 | D        | Noticed a deep elf priest
   851 | D        | Killed a deep elf priest
   851 | D        | Reached skill level 1 in Poison Magic
   851 | D        | Reached XP level 7. HP: 27/32 MP: 7/20
   977 | D        | Found an iron altar of Okawaru.
   978 | D        | Found a bloodstained altar of Trog.
   978 | D        | Noticed a human
   978 | D        | Noticed a human
   986 | D        | Killed a human
   986 | D        | Reached skill level 12 in Stealth
   988 | D        | Killed a human
   988 | D        | Reached XP level 8. HP: 36/36 MP: 13/22
  1012 | D        | Learned a level 8 spell: Chain Lightning
  1041 | D        | Found a snail-covered altar of Cheibriados.
  1041 | D        | Noticed a necrophage
  1042 | D        | Found a basalt altar of Yredelemnul.
  1042 | D        | Found a blossoming altar of Fedhas.
  1042 | D        | Noticed a necromancer
  1043 | D        | Killed a necrophage
  1043 | D        | Acquired Dithmenos's first power
  1044 | D        | Killed a necromancer
  1082 | D        | Noticed a two-headed ogre
  1082 | D        | Noticed a two-headed ogre
  1086 | D        | Killed a two-headed ogre
  1088 | D        | Killed a two-headed ogre
  1088 | D        | Reached skill level 10 in Spellcasting
  1088 | D        | Reached skill level 1 in Air Magic
  1090 | D        | Noticed a two-headed ogre
  1091 | D        | Killed a two-headed ogre
  1097 | D        | Noticed a hill giant
  1100 | D        | Killed a hill giant
  1100 | D        | Acquired Dithmenos's second power
  1100 | D        | Reached skill level 13 in Stealth
  1106 | D        | Noticed Erolcha
  1107 | D        | Noticed a hill giant
  1112 | D        | Killed Erolcha
  1112 | D        | Reached skill level 5 in Ice Magic
  1112 | D        | Reached XP level 9. HP: 39/39 MP: 18/25
  1118 | D        | Killed a hill giant
  1118 | D        | Reached skill level 14 in Stealth
  1122 | D        | Noticed a redback
  1202 | D        | Killed a redback
  1207 | D        | Noticed a trapdoor spider
  1584 | D        | Killed a trapdoor spider
  1597 | D        | Noticed a trapdoor spider
  1604 | D        | Killed a trapdoor spider
  1604 | D        | Acquired Dithmenos's third power
  1683 | D        | Noticed a killer bee
  1683 | D        | Noticed a killer bee
  1683 | D        | Noticed a killer bee
  1683 | D        | Noticed a killer bee
  1683 | D        | Noticed a killer bee
  1683 | D        | Noticed a killer bee
  1683 | D        | Noticed a killer bee
  1683 | D        | Noticed a killer bee
  1683 | D        | Noticed a killer bee
  1683 | D        | Noticed a killer bee
  1683 | D        | Noticed a killer bee
  1683 | D        | Noticed a killer bee
  1683 | D        | Noticed a killer bee
  1683 | D        | Noticed a killer bee
  1683 | D        | Noticed a killer bee
  1684 | D        | Noticed a killer bee
  1685 | D        | Noticed a killer bee
  1685 | D        | Noticed a killer bee
  1685 | D        | Noticed a queen bee
  1685 | D        | Noticed a killer bee
  1685 | D        | Killed a killer bee
  1686 | D        | Noticed a killer bee
  1687 | D        | Noticed a killer bee
  1687 | D        | Noticed a killer bee
  1687 | D        | Noticed a killer bee
  1689 | D        | Killed a killer bee
  1691 | D        | Noticed a killer bee
  1693 | D        | Noticed a killer bee
  1693 | D        | Killed a killer bee
  1695 | D        | Killed a killer bee
  1696 | D        | Noticed a killer bee
  1696 | D        | Noticed a killer bee
  1697 | D        | Noticed a killer bee
  1697 | D        | Killed a killer bee
  1699 | D        | Killed a killer bee
  1701 | D        | Noticed a killer bee
  1701 | D        | Killed a killer bee
  1701 | D        | Acquired Dithmenos's fourth power
  1703 | D        | Noticed a killer bee
  1703 | D        | Noticed a killer bee
  1703 | D        | Killed a killer bee
  1705 | D        | Killed a killer bee
  1707 | D        | Killed a killer bee
  1709 | D        | Killed a killer bee
  1711 | D        | Noticed a killer bee
  1849 | D        | Killed a killer bee
  1852 | D        | Killed a killer bee
  1855 | D        | Killed a killer bee
  1855 | D        | Reached skill level 5 in Poison Magic
  1859 | D        | Killed a killer bee
  2127 | D        | Killed a killer bee
  2130 | D        | Killed a killer bee
  2130 | D        | Killed a killer bee
  2133 | D        | Killed a killer bee
  2133 | D        | Reached skill level 15 in Stealth
  2137 | D        | Killed a killer bee
  2139 | D        | Killed a killer bee
  2143 | D        | Killed a killer bee
  2146 | D        | Killed a killer bee
  2149 | D        | Killed a killer bee
  2285 | D        | Killed a killer bee
  2289 | D        | Killed a killer bee
  2292 | D        | Killed a killer bee
  2294 | D        | Killed a killer bee
  2294 | D        | Reached XP level 10. HP: 44/44 MP: 13/27
  2296 | D        | Killed a killer bee
  2300 | D        | Killed a killer bee
  2302 | D        | Killed a killer bee
  2304 | D        | Killed a killer bee
  2304 | D        | Reached skill level 5 in Conjurations
  2306 | D        | Killed a queen bee
  2525 | D        | Noticed a wandering mushroom
  2529 | D        | Noticed a wandering mushroom
  2531 | D        | Noticed a wandering mushroom
  2532 | D        | Killed a wandering mushroom
  2535 | D        | Killed a wandering mushroom
  2540 | D        | Killed a wandering mushroom
  2554 | D        | Noticed a spiny frog
  2554 | D        | Noticed a komodo dragon
  2554 | D        | Noticed a spiny frog
  2559 | D        | Killed a spiny frog
  2563 | D        | Killed a spiny frog
  2563 | D        | Reached skill level 16 in Stealth
  2565 | D        | Killed a komodo dragon
  2698 | D        | Noticed a redback
  2701 | D        | Killed a redback
  2703 | D        | Noticed a brain worm
  2707 | D        | Killed a brain worm
  2710 | D        | Noticed a brain worm
  2712 | D        | Killed a brain worm
  2715 | D        | Noticed a lindwurm
  2717 | D        | Noticed a redback
  2718 | D        | Killed a lindwurm
  2718 | D        | Reached skill level 15 in Dodging
  2718 | D        | Reached skill level 10 in Hexes
  2720 | D        | Killed a redback
  2720 | D        | Reached skill level 5 in Air Magic
  2726 | D        | Noticed a redback
  2727 | D        | Killed a redback
  2728 | D        | Noticed Maud
  2730 | D        | Killed Maud
  2730 | D        | Reached skill level 17 in Stealth
  2730 | D        | Reached XP level 11. HP: 47/47 MP: 25/29
  2751 | D        | Noticed an electric eel
  2752 | D        | Noticed an eight-headed hydra
  2752 | D        | Noticed a five-headed hydra
  2753 | D        | Killed an electric eel
  2762 | D        | Killed a five-headed hydra
  2764 | D        | Killed an eight-headed hydra
  2774 | D        | Noticed a death drake
  2778 | D        | Killed a death drake
  3213 | D        | Learned a level 8 spell: Lehudib's Crystal Spear
  3307 | D        | Noticed a water moccasin
  3307 | D        | Noticed an anaconda
  3307 | D        | Noticed a black mamba
  3310 | D        | Killed a water moccasin
  3312 | D        | Killed an anaconda
  3312 | D        | Reached skill level 1 in Earth Magic
  3317 | D        | Killed a black mamba
  3386 | D        | Noticed a water moccasin
  3386 | D        | Noticed a black mamba
  3388 | D        | Killed a water moccasin
  3389 | D        | Killed a black mamba
  3389 | D        | Reached skill level 18 in Stealth
  3407 | D        | Noticed a water moccasin
  3407 | D        | Noticed a water moccasin
  3407 | D        | Noticed a water moccasin
  3409 | D        | Killed a water moccasin
  3413 | D        | Killed a water moccasin
  3417 | D        | Killed a water moccasin
  3507 | D        | Noticed a naga
  3507 | D        | Noticed a naga
  3508 | D        | Noticed a naga warrior
  3508 | D        | Noticed a greater naga
  3508 | D        | Found Ricaiv's Jewellery Shop.
  3508 | D        | Found Xeghem's Antique Weapon Shoppe.
  3509 | D        | Killed a naga
  3510 | D        | Killed a naga
  3511 | D        | Found Sunoah's Food Boutique.
  3539 | D        | Killed a naga warrior
  3542 | D        | Gained mutation: Your system is resistant to poisons. [evolution]
  3555 | D        | Killed a greater naga
  3555 | D        | Reached skill level 10 in Short Blades
  3555 | D        | Reached skill level 15 in Spellcasting
  3579 | D        | Noticed a guardian serpent
  3582 | D        | Killed a guardian serpent
  3584 | D        | Got a serpentine rune of Zot
  3643 | D        | Found a blossoming altar of Fedhas.
  3643 | D        | Noticed a spriggan
  3643 | D        | Noticed a spriggan druid
  3643 | D        | Noticed a spriggan
  3645 | D        | Killed a spriggan druid
  3646 | D        | Killed a spriggan
  3647 | D        | Killed a spriggan
  3647 | D        | Reached XP level 12. HP: 51/51 MP: 27/32
  3770 | D        | Noticed a swamp drake
  3770 | D        | Noticed a fire drake
  3771 | D        | Killed a fire drake
  3775 | D        | Killed a swamp drake
  3817 | D        | Noticed a blink frog
  3818 | D        | Noticed a blink frog
  3818 | D        | Noticed a blink frog
  3819 | D        | Noticed a blink frog
  3819 | D        | Noticed a blink frog
  3820 | D        | Killed a blink frog
  3828 | D        | Killed a blink frog
  3828 | D        | Reached skill level 19 in Stealth
  3833 | D        | Killed a blink frog
  3835 | D        | Killed a blink frog
  3841 | D        | Killed a blink frog
  3888 | D        | Noticed Rupert
  3890 | D        | Killed Rupert
  3910 | D        | Noticed a death yak
  3911 | D        | Noticed a death yak
  3911 | D        | Noticed a blink frog
  3912 | D        | Killed a death yak
  3913 | D        | Noticed an azure jelly
  3913 | D        | Noticed a death yak
  3913 | D        | Noticed an azure jelly
  3913 | D        | Noticed a blink frog
  3913 | D        | Noticed a death yak
  3914 | D        | Killed a death yak
  3915 | D        | Killed a blink frog
  3916 | D        | Noticed a blink frog
  3916 | D        | Noticed a black mamba
  3917 | D        | Killed a death yak
  3919 | D        | Killed a blink frog
  3920 | D        | Noticed a black mamba
  3921 | D        | Killed a blink frog
  3922 | D        | Killed a death yak
  3925 | D        | Killed a black mamba
  3925 | D        | Reached skill level 20 in Stealth
  3926 | D        | Killed a black mamba
  3957 | D        | Noticed Polyphemus
  3958 | D        | Noticed Ilsuiw
  3959 | D        | Killed Polyphemus
  3965 | D        | Killed Ilsuiw
  3965 | D        | Reached skill level 5 in Earth Magic
  3970 | D        | Found Udunir's Book Shoppe.
  3970 | D        | Found Jeohuf's Antique Weapon Boutique.
  3970 | D        | Found Gusiogil's Magic Scroll Emporium.
  3970 | D        | Noticed a sea snake
  3970 | D        | Noticed a merfolk javelineer
  3972 | D        | Killed a sea snake
  3999 | D        | Killed a merfolk javelineer
  4020 | D        | Got a barnacled rune of Zot
  4081 | D        | Noticed an azure jelly
  4081 | D        | Noticed an azure jelly
  4112 | D        | Learned a level 9 spell: Glaciate
  4116 | D        | Noticed an elephant
  4116 | D        | Noticed an elephant
  4116 | D        | Noticed a dire elephant
  4116 | D        | Noticed a dire elephant
  4116 | D        | Noticed Gastronok
  4118 | D        | Killed Gastronok
  4118 | D        | Reached XP level 13. HP: 55/55 MP: 34/34
  4119 | D        | Killed a dire elephant
  4119 | D        | Reached skill level 21 in Stealth
  4121 | D        | Killed a dire elephant
  4125 | D        | Killed an elephant
  4127 | D        | Killed an elephant
  4350 | D        | Noticed Sigmund
  4351 | D        | Noticed Edmund
  4353 | D        | Killed Sigmund
  4354 | D        | Killed Edmund
  4363 | D        | Noticed an orc priest
  4363 | D        | Noticed an orc priest
  4364 | D        | Noticed an orc high priest
  4364 | D        | Noticed an orc high priest
  4365 | D        | Killed an orc priest
  4366 | D        | Killed an orc priest
  4369 | D        | Killed an orc high priest
  4377 | D        | Killed an orc high priest
  4463 | D        | Noticed a spriggan defender
  4464 | D        | Noticed a spriggan defender
  4464 | D        | Noticed a spriggan defender
  4464 | D        | Noticed a spriggan defender
  4465 | D        | Killed a spriggan defender
  4466 | D        | Killed a spriggan defender
  4468 | D        | Killed a spriggan defender
  4468 | D        | Reached skill level 10 in Poison Magic
  4469 | D        | Killed a spriggan defender
  4609 | D        | Noticed a slime creature
  4613 | D        | Killed a slime creature
  4660 | D        | Noticed a centaur warrior
  4664 | D        | Killed a centaur warrior
  4673 | D        | Noticed a slime creature
  4676 | D        | Killed a slime creature
  4687 | D        | Noticed a fire dragon
  4692 | D        | Killed a fire dragon
  4707 | D        | Noticed a trident of pain
  4707 | D        | Noticed a trident of venom
  4708 | D        | Noticed a battleaxe of electrocution
  4709 | D        | Noticed a flail of protection
  4710 | D        | Killed a battleaxe of electrocution
  4722 | D        | Killed a trident of pain
  4722 | D        | Reached skill level 22 in Stealth
  4948 | D        | Killed a flail of protection
  5267 | D        | Killed a trident of venom
  5416 | D        | Noticed an orange crystal statue
  5430 | D        | Killed an orange crystal statue
  5607 | D        | Found Liodaciw's Antique Armour Emporium.
  5607 | D        | Noticed an orc wizard
  5607 | D        | Noticed an orc warrior
  5607 | D        | Noticed an orc priest
  5607 | D        | Noticed an orc warrior
  5607 | D        | Noticed an orc wizard
  5608 | D        | Noticed an orc wizard
  5608 | D        | Noticed an orc warrior
  5608 | D        | Noticed an orc knight
  5608 | D        | Noticed an orc high priest
  5610 | D        | Killed an orc high priest
  5611 | D        | Killed an orc warrior
  5615 | D        | Killed an orc priest
  5624 | D        | Killed an orc knight
  5626 | D        | Killed an orc wizard
  5628 | D        | Killed an orc wizard
  5643 | D        | Killed an orc wizard
  5644 | D        | Killed an orc warrior
  5654 | D        | Killed an orc warrior
  5845 | D        | Killed a yaktaur
  5939 | D        | Bought a scroll of enchant weapon for 97 gold pieces
  5939 | D        | Bought a scroll of enchant weapon for 97 gold pieces
  5939 | D        | Bought a scroll of identify for 26 gold pieces
  5939 | D        | Bought a scroll of blinking for 97 gold pieces
  5939 | D        | Bought a scroll of blinking for 97 gold pieces
  6194 | D        | Noticed a yaktaur
  6194 | D        | Noticed a yaktaur
  6194 | D        | Noticed a yaktaur captain
  6227 | D        | Found Goimo Omn's Magic Scroll Emporium.
  6227 | D        | Found Eteohuc's Book Shop.
  6227 | D        | Found Cuafyab's Antique Armour Boutique.
  6227 | D        | Found Xoriuzat's Antique Armour Shoppe.
  6227 | D        | Found Atod's Jewellery Boutique.
  6227 | D        | Found Reamaucw's Gadget Emporium.
  6227 | D        | Found Agaz's Food Shoppe.
  6227 | D        | Found Bebuk's Antique Weapon Shop.
  6227 | D        | Found Xiprix's Antique Armour Shop.
  6227 | D        | Found Yhiodduz's Antique Weapon Emporium.
  6227 | D        | Found Xaam's Distillery.
  6227 | D        | Found Pauckukh's Distillery.
  6247 | D        | Bought a potion of beneficial mutation for 350 gold pieces
  6247 | D        | Bought a potion of invisibility for 80 gold pieces
  6247 | D        | Gained mutation: You are partially covered in iridescent scales (AC +4). [potion of beneficial mutation]
  6255 | D        | Bought a scroll of identify for 26 gold pieces
  6255 | D        | Bought a scroll of identify for 26 gold pieces
  6258 | D        | Bought a shimmering cloak for 266 gold pieces
  6263 | D        | Identified the +1 cloak of Wuses {rPois rF- Dex+3 SInv} (You bought it in a shop in the Dungeon)
  6265 | D        | Bought an opalescent robe for 96 gold pieces
  6265 | D        | Bought a faintly glowing robe for 96 gold pieces
  6275 | D        | Identified the +2 robe "Zaocsimu" {Dex+2} (You bought it in a shop in the Dungeon)
  6285 | D        | Identified the +1 robe of the Pure Beggars {MR+ rCorr Slay+2} (You bought it in a shop in the Dungeon)
  6303 | D        | Noticed a crystal guardian
  6303 | D        | Noticed a crystal guardian
  6303 | D        | Noticed a crystal guardian
  6369 | D        | Noticed a deep elf conjurer
  6369 | D        | Noticed a deep elf summoner
  6369 | D        | Noticed a deep elf knight
  6369 | D        | Noticed a deep elf knight
  6369 | D        | Noticed a deep elf knight
  6375 | D        | Noticed a deep elf demonologist
  6377 | D        | Killed a deep elf knight
  6379 | D        | Killed a deep elf knight
  6383 | D        | Killed a deep elf knight
  6387 | D        | Killed a deep elf conjurer
  6391 | D        | Killed a deep elf summoner
  6393 | D        | Noticed a deep elf annihilator
  6564 | D        | Bought a book of Clouds for 585 gold pieces
  6568 | D        | Learned a level 3 spell: Mephitic Cloud
  6745 | D        | Noticed a yaktaur captain
  6745 | D        | Noticed a white ugly thing
  6745 | D        | Noticed a slime creature
  6745 | D        | Noticed a white ugly thing
  6746 | D        | Noticed a slime creature
  6747 | D        | Killed a slime creature
  6749 | D        | Killed a white ugly thing
  6752 | D        | Killed a slime creature
  6754 | D        | Killed a white ugly thing
  6830 | D        | Killed a yaktaur captain
  6830 | D        | Reached XP level 14. HP: 59/59 MP: 32/37
  6867 | D        | Noticed Chuck
  7114 | D        | Killed Chuck
  7217 | D        | Noticed a cyan ugly thing
  7219 | D        | Noticed a faun
  7221 | D        | Killed a green ugly thing
  7222 | D        | a faun changed into a lindwurm
  7225 | D        | Reached skill level 23 in Stealth
  7264 | D        | Noticed Norris
  7266 | D        | Killed Norris
  7266 | D        | Reached skill level 10 in Ice Magic
  7285 | D        | Noticed a torpor snail
  7285 | D        | Noticed a slime creature
  7287 | D        | Killed a slime creature
  7289 | D        | Killed a torpor snail
  7297 | D        | Noticed a lich
  7299 | D        | Killed a lich
  7299 | D        | Reached skill level 10 in Air Magic
  7318 | D        | Noticed a shadow dragon
  7318 | D        | Noticed an ogre mage
  7318 | D        | Noticed a shadow dragon
  7322 | D        | Noticed a slime creature
  7325 | D        | Killed a shadow dragon
  7326 | D        | Killed a shadow dragon
  7327 | D        | Killed an ogre mage
  7331 | D        | Killed a slime creature
  7342 | D        | Noticed an obsidian statue
  7342 | D        | Noticed a green ugly thing
  7342 | D        | Noticed a slime creature
  7345 | D        | Killed a slime creature
  7347 | D        | Killed a green ugly thing
  7356 | D        | Killed an obsidian statue
  7382 | D        | Learned a level 6 spell: Poisonous Cloud
  7566 | D        | Noticed a skeletal warrior
  7566 | D        | Noticed a skeletal warrior
  7566 | D        | Noticed a skeletal warrior
  7566 | D        | Noticed a skeletal warrior
  7567 | D        | Noticed an ancient lich
  7568 | D        | Killed a skeletal warrior
  7568 | D        | Reached skill level 24 in Stealth
  7569 | D        | Killed a skeletal warrior
  7571 | D        | Killed a skeletal warrior
  7572 | D        | Killed a skeletal warrior
  7589 | D        | Got a scintillating tin ring
  7590 | D        | Identified the ring "Xeddim" {rF+ Str+6} (You found it in the Dungeon)
  7597 | D        | Got a faintly glowing graven amulet
  7598 | D        | Identified the amulet of Asucouha {Clar rN+} (You found it in the Dungeon)
  7636 | D        | Noticed a guardian mummy
  7637 | D        | Noticed a guardian mummy
  7637 | D        | Noticed a guardian mummy
  7637 | D        | Noticed a sphinx
  7637 | D        | Noticed a sphinx
  7638 | D        | Killed a guardian mummy
  7640 | D        | Killed a sphinx
  7641 | D        | Killed a sphinx
  7644 | D        | Killed a guardian mummy
  7646 | D        | Killed a guardian mummy
  7987 | D        | Noticed a guardian mummy
  7988 | D        | Noticed a mummy priest
  7988 | D        | Noticed a guardian mummy
  7989 | D        | Killed a guardian mummy
  7991 | D        | Killed a guardian mummy
  8007 | D        | Killed a mummy priest
  8108 | D        | Noticed a guardian mummy
  8110 | D        | Killed a guardian mummy
  8171 | D        | Noticed a mummy priest
  8171 | D        | Noticed a mummy priest
  8171 | D        | Noticed a mummy priest
  8173 | D        | Killed a mummy priest
  8174 | D        | Noticed a mummy priest
  8174 | D        | Noticed a guardian mummy
  8175 | D        | Killed a mummy priest
  8175 | D        | Reached skill level 15 in Hexes
  8176 | D        | Killed a mummy priest
  8196 | D        | Killed a guardian mummy
  8196 | D        | Killed by a guardian mummy's death curse

Vault maps used:
D:        dungeon_sprint_mu

Action                   |  1- 3 |  4- 6 |  7- 9 | 10-12 | 13-15 || total
-------------------------+-------+-------+-------+-------+-------++-------
Melee: Dagger            |    17 |    22 |    57 |    86 |   151 ||   333
       Rapier            |       |       |       |       |   129 ||   129
 Cast: Ensorcelled Hiber |     2 |     1 |    39 |    23 |    15 ||    80
       Corona            |       |     8 |       |       |     1 ||     9
       Dazzling Spray    |       |    12 |     9 |     5 |    37 ||    63
       Confuse           |       |     1 |     3 |     1 |     7 ||    12
       Mephitic Cloud    |       |       |       |       |     2 ||     2
       Poison Arrow      |       |       |       |       |     7 ||     7
Invok: Shadow Step       |       |       |     1 |    16 |    17 ||    34
  Use: Potion            |       |     5 |       |     1 |     1 ||     7
       Scroll            |       |     3 |       |       |     7 ||    10
 Stab: Sleeping          |     4 |     4 |    33 |    63 |    62 ||   166
       Confused          |       |       |     4 |       |     3 ||     7
       Invisible         |       |       |     3 |     8 |     6 ||    17
       Held in net/web   |       |       |     1 |       |       ||     1
  Eat: Bread ration      |       |       |       |     1 |       ||     1
       Fruit             |       |       |       |       |     9 ||     9
